Map: Kimeran Refuge

Players

RedLink - Winner!

  • Race: Terran Terran
  • Spawn Location: 7:00

dubzian - Winner!

  • Race: Protoss Protoss
  • Spawn Location: 5:00

Matador - Winner!

  • Race: Protoss Protoss
  • Spawn Location: 6:00

Gracie - Winner!

  • Race: Protoss Protoss
  • League: Silver
  • Spawn Location: 6:00

HamSandwich

  • Race: Protoss Protoss
  • Spawn Location: 12:00

Grumm

  • Race: Terran Terran
  • League: Gold
  • Spawn Location: 12:00

Franktea

  • Race: Protoss Protoss
  • Spawn Location: 1:00

Titan

  • Race: Terran Terran
  • Spawn Location: 11:00

VOD

Have the link to the VOD?

Description

Time

  • Played on: Feb. 5, 2016, 11:24 p.m.
  • Length: 15:57
Show
View Real Time Build Order
Export as new Build Order

RedLink Terran - Winner!

Build Orders: MMM Bio 

Get SALT Encoding   

  12  0:01  SCV  
  13  0:18  Supply Depot  
  13  0:19  SCV  
  14  0:31  SCV  
  15  0:41  Barracks  
  15  0:44  Refinery  
  15  0:59  Supply Depot  
  15  1:02  SCV  
  16  1:15  SCV  
  17  1:29  Orbital Command  
  17  1:31  Refinery  
  17  1:37  Barracks Tech Lab  
  17  1:39  Barracks  
  17  2:05  Factory, SCV  
  18  2:17  SCV  
  19  2:24  Supply Depot  
  19  2:29  Marine, SCV  
  22  2:33  Barracks Reactor  
  21  2:41  SCV  
  22  2:50  Siege Tank  
  25  2:51  Starport  
  25  2:53  Marine  
  26  2:58  SCV  
  27  3:11  Marine  
  27  3:12  SCV  
  29  3:20  Marine  
  29  3:24  Siege Tank  
  33  3:28  Marine  
  34  3:40  Medivac  
  36  3:44  Marine  
  37  3:50  Command Center  
  37  3:56  Marine  
  38  4:14  Marine  
  38  4:15  Barracks Reactor  
  39  4:32  Supply Depot  
  39  4:34  Supply Depot  
  39  4:35  Engineering Bay  
  39  4:36  Barracks Tech Lab  
  38  4:54  Medivac, Siege Tank  
  42  5:13  Marauder, Marine x2  
  46  5:17  Stimpack  
  46  5:20  Orbital Command  
  46  5:27  Refinery  
  38  5:40  Viking x2  
  38  5:41  Marine  
  38  5:42  Marine  
  44  5:43  Widow Mine  
  24  6:24  SCV x2  
  26  6:34  Siege Tank  
  26  6:36  SCV x2  
  26  6:37  Marauder, Marine  
  34  6:40  Terran Infantry Weapons Level 1  
  34  6:48  SCV  
  35  7:06  Siege Tank  
  30  7:13  Factory  
  30  7:17  Combat Shields, SCV, Barracks  
  30  7:18  SCV  
  30  7:19  Barracks  
  32  7:28  Viking  
  35  7:30  SCV  
  35  7:34  SCV  
  36  7:42  Marine x2, SCV  
  36  7:43  Marauder  
  41  7:50  SCV  
  42  7:54  Refinery, SCV  
  43  7:58  Factory Reactor  
  43  8:02  SCV  
  43  8:04  Marauder  
  46  8:06  SCV  
  47  8:16  Barracks Reactor x2  
  47  8:23  Marine x2  
  47  8:25  Marine  
  49  8:34  Terran Infantry Armor Level 1  
  49  8:36  Concussive Shells  
  47  8:41  Marine  
  47  8:46  Widow Mine x2  
  50  9:00  SCV x2  
  52  9:03  Marine x3  
  55  9:12  Armory, SCV  
  55  9:13  Engineering Bay  
  56  9:17  Marine x2  
  56  9:18  Marauder  
  56  9:19  Widow Mine x2  
  56  9:24  SCV x2  
  66  9:32  Medivac, Viking  
  70  9:39  Marauder  
  63  10:00  Marauder, Marine x3  
  63  10:01  Marine  
  63  10:03  Widow Mine x3  
  75  10:22  Marauder  
  68  10:34  Widow Mine x2, Siege Tank  
  75  10:36  Marine x4  
  79  10:43  Marauder  
  81  11:00  Command Center  
  81  11:04  Marauder  
  74  11:26  Marauder  
  64  11:45  Widow Mine x2, Marine x4  
  64  11:46  Widow Mine  
  66  11:59  Terran Infantry Weapons Level 2, Terran Infantry Armor Level 2  
  66  12:01  Terran Vehicle And Ship Armor Level 1  
  66  12:07  Armory  
  66  12:12  Orbital Command  
  66  12:14  SCV x2, Thor  
  74  12:16  Widow Mine x2  
  78  12:26  SCV x2  
  80  12:30  Marine  
  80  12:31  Marauder, Marine  
  80  12:35  Marine x2  
  80  12:36  Marine  
  87  12:38  SCV x2  
  89  12:45  Widow Mine  
  89  12:50  SCV x2  
  86  13:01  Marauder, Marine x2  
  86  13:02  Marine  
  86  13:03  Widow Mine, Thor  
  99  13:07  Medivac x2  
  103  13:13  Widow Mine  
  105  13:23  Marauder  
  107  13:34  Marine x2  
  107  13:39  Marine x3  
  88  13:56  Marine  
  88  13:57  Marine  
  88  13:58  Widow Mine x2, Thor  
  100  14:12  Starport  
  99  14:26  Widow Mine  
  101  14:38  Refinery  
  101  14:41  Refinery  
  86  15:14  Marine  
  86  15:15  Marauder  
  89  15:25  Marine  
  89  15:27  Marine x4  
  94  15:32  Marine  
  95  15:36  Marauder, Refinery, Starport Reactor  
  101  15:47  Command Center  
Show
View Real Time Build Order
Export as new Build Order

dubzian Protoss - Winner!

Build Orders:  

Get SALT Encoding   

  12  0:02  Probe (Chrono Boost)  
  13  0:13  Probe (Chrono Boost)  
  14  0:24  Pylon  
  14  0:27  Probe (Chrono Boost)  
  15  0:32  Assimilator  
  16  0:43  Probe (Chrono Boost)  
  16  0:54  Probe (Chrono Boost)  
  17  1:01  Pylon  
  17  1:04  Gateway  
  17  1:10  Gateway  
  17  1:15  Assimilator, Probe (Chrono Boost)  
  18  1:28  Gateway  
  18  1:32  Probe (Chrono Boost)  
  19  1:42  Probe (Chrono Boost)  
  20  1:51  Cybernetics Core  
  20  1:53  Probe (Chrono Boost)  
  21  2:03  Probe (Chrono Boost)  
  22  2:26  Pylon  
  22  2:28  Warp Gate (Chrono Boost)  
  22  2:30  Stalker  
  22  2:31  Gateway  
  24  2:42  Stalker  
  26  2:47  Stalker  
  28  3:06  Pylon  
  28  3:12  Stalker x2  
  30  3:18  Stalker  
  34  3:25  Stalker  
  36  3:51  Nexus  
  36  4:18  Stalker x2  
  36  4:19  Stalker  
  42  4:24  Stalker  
  44  4:32  Pylon  
  44  4:49  Probe  
  45  5:06  Pylon  
  45  5:14  Twilight Council  
  45  5:18  Forge  
  45  5:34  Stalker x2  
  49  5:40  Stalker x2  
  53  5:53  Probe  
  53  5:55  Probe  
  55  6:01  Blink (Chrono Boost)  
  55  6:10  Protoss Ground Weapons Level 1 (Chrono Boost)  
  55  6:38  Probe  
  55  6:40  Probe  
  57  6:49  Nexus  
  57  6:50  Robotics Facility  
  57  7:02  Pylon  
  57  7:12  Mothership Core  
  60  7:15  Probe  
  60  7:18  Assimilator  
  60  7:22  Pylon  
  60  7:27  Probe  
  61  7:32  Probe, Stalker  
  65  7:37  Observer  
  65  7:40  Probe  
  65  7:42  Probe  
  66  7:44  Pylon  
  66  7:50  Assimilator  
  67  7:52  Gateway  
  67  7:55  Gateway  
  67  7:59  Probe  
  67  8:00  Probe  
  67  8:01  Probe  
  70  8:08  Protoss Ground Armor Level 1 (Chrono Boost)  
  70  8:18  Immortal (Chrono Boost)  
  74  8:23  Probe  
  74  8:25  Probe x2  
  77  8:41  Templar Archives  
  77  8:48  Probe x2  
  77  8:50  Probe  
  77  8:52  Pylon, Stalker  
  82  9:05  Immortal (Chrono Boost)  
  86  9:12  Probe  
  86  9:13  Probe  
  86  9:14  Probe  
  89  9:18  High Templar x5  
  89  9:19  High Templar  
  101  9:25  Assimilator  
  101  9:29  Pylon  
  101  9:31  Archon x2  
  101  9:32  Archon  
  101  9:43  Immortal (Chrono Boost)  
  105  9:48  Probe x2  
  105  9:49  Probe  
  108  9:52  Photon Cannon  
  96  10:04  Stalker x2  
  96  10:05  Stalker x2  
  96  10:06  High Templar  
  94  10:10  High Templar  
  93  10:17  Immortal (Chrono Boost)  
  93  10:19  Mothership Core  
  99  10:26  Archon  
  99  10:29  Zealot x3  
  72  10:54  Observer (Chrono Boost)  
  67  10:58  Zealot x2  
  67  10:59  Zealot x3  
  75  11:04  Charge  
  75  11:13  Immortal (Chrono Boost)  
  75  11:14  Probe  
  75  11:16  Probe  
  75  11:17  Assimilator, Probe  
  82  11:25  Probe  
  83  11:40  Stalker x4  
  83  11:41  Stalker x2  
  95  11:56  Immortal (Chrono Boost)  
  95  11:57  Protoss Shields Level 1  
  95  12:08  High Templar x3  
  79  12:16  Probe  
  79  12:17  Probe  
  79  12:18  Probe  
  82  12:31  Probe  
  82  12:36  High Templar  
  85  12:37  High Templar x2  
  85  12:41  Zealot x2  
  85  12:42  High Templar  
  95  12:49  Probe  
  96  13:04  Nexus  
  96  13:05  Zealot x2  
  85  13:06  Pylon  
  85  13:10  Pylon  
  51  13:33  Stalker x2  
  32  13:40  Stalker x4  
  26  13:48  Observer (Chrono Boost)  
  21  14:06  High Templar x2  
  23  14:22  Probe  
  23  14:24  Probe  
  23  14:28  Stalker  
  27  14:34  Probe  
  28  14:40  Assimilator  
  28  14:42  Probe  
  28  14:45  Probe  
  30  14:55  Probe x2  
  30  14:57  Assimilator  
  32  15:11  Probe  
  32  15:12  Probe  
  32  15:13  Probe  
  35  15:22  Probe  
  36  15:29  High Templar  
  36  15:34  Zealot  
  36  15:35  Zealot x2  
  44  15:40  Zealot x2  
  48  15:46  Robotics Bay  
Show
View Real Time Build Order
Export as new Build Order

Matador Protoss - Winner!

Build Orders:  

Get SALT Encoding   

  12  0:01  Probe (Chrono Boost)  
  13  0:12  Probe (Chrono Boost)  
  14  0:26  Probe (Chrono Boost)  
  14  0:27  Pylon  
  15  0:45  Probe (Chrono Boost)  
  16  0:53  Gateway  
  16  0:56  Probe (Chrono Boost)  
  17  0:59  Assimilator  
  17  1:06  Probe (Chrono Boost)  
  17  1:10  Pylon  
  18  1:20  Probe (Chrono Boost)  
  19  1:30  Probe (Chrono Boost)  
  20  1:36  Forge  
  20  1:48  Probe (Chrono Boost)  
  20  1:49  Cybernetics Core  
  20  1:53  Assimilator  
  21  2:07  Probe (Chrono Boost)  
  22  2:10  Nexus  
  22  2:23  Pylon  
  22  2:26  Probe (Chrono Boost)  
  22  2:27  Zealot  
  25  2:52  Probe (Chrono Boost)  
  25  2:53  Photon Cannon  
  26  2:59  Gateway  
  26  3:01  Warp Gate (Chrono Boost)  
  26  3:03  Probe (Chrono Boost)  
  26  3:05  Gateway  
  27  3:08  Assimilator  
  27  3:13  Protoss Shields Level 1 (Chrono Boost)  
  28  3:27  Probe x2 (Chrono Boost)  
  29  3:34  Stalker  
  29  3:36  Probe (Chrono Boost)  
  29  3:37  Probe  
  33  3:50  Probe  
  33  3:52  Probe  
  33  3:55  Stalker  
  37  4:01  Probe  
  37  4:03  Assimilator  
  37  4:04  Probe  
  39  4:15  Photon Cannon  
  39  4:16  Probe  
  39  4:17  Probe, Photon Cannon  
  41  4:29  Probe  
  41  4:30  Probe, Stalker x2  
  47  4:42  Mothership Core  
  49  4:46  Twilight Council  
  49  4:48  Pylon  
  49  4:59  Probe  
  49  5:02  Pylon  
  49  5:03  Pylon  
  49  5:04  Pylon  
  50  5:26  Gateway  
  50  5:28  Gateway  
  50  5:32  Robotics Facility, Probe  
  50  5:34  Probe  
  52  5:38  Robotics Facility  
  52  5:39  Protoss Ground Weapons Level 1  
  52  5:43  Probe  
  52  5:46  Probe  
  54  5:50  Forge  
  54  5:59  Stalker x3  
  60  6:23  Stalker  
  60  6:24  Stalker x2  
  60  6:25  Probe  
  66  6:26  Probe  
  66  6:31  Immortal  
  72  6:36  Probe, Immortal  
  72  6:39  Probe  
  78  6:46  Probe  
  78  6:48  Protoss Ground Armor Level 1  
  78  6:51  Probe  
  80  6:54  Blink  
  80  7:12  Stalker x3  
  86  7:20  Pylon  
  86  7:21  Pylon  
  86  7:24  Pylon x2  
  86  7:38  Immortal x2  
  94  7:54  Stalker x4  
  94  7:55  Stalker  
  104  8:20  Nexus  
  104  8:21  Immortal x2  
  104  8:22  Pylon  
  104  8:23  Pylon  
  112  8:46  Stalker x4  
  112  8:47  Stalker  
  122  9:00  Observer x2  
  124  9:05  Protoss Ground Armor Level 2  
  124  9:10  Protoss Shields Level 2  
  124  9:13  Assimilator  
  124  9:16  Assimilator  
  124  9:30  Stalker  
  124  9:31  Stalker x3  
  116  10:27  Stalker x4  
  116  10:28  Stalker  
  126  10:32  Immortal  
  126  10:33  Immortal  
  134  11:02  Pylon  
  134  11:03  Pylon  
  118  11:21  Protoss Ground Weapons Level 2  
  105  11:36  Stalker x2  
  105  11:37  Stalker x3  
  86  11:51  Immortal  
  86  11:52  Immortal  
  94  11:56  Probe x2  
  94  11:57  Probe  
  97  12:06  Probe  
  97  12:07  Probe  
  97  12:08  Stalker x3  
  101  12:09  Probe, Stalker x2  
  101  12:12  Protoss Ground Armor Level 3  
  110  12:25  Gateway  
  110  12:26  Gateway  
  110  12:27  Gateway  
  110  12:28  Gateway  
  110  12:49  Stalker, Nexus  
  110  12:50  Pylon, Stalker  
  114  12:51  Stalker  
  114  12:52  Pylon  
  114  12:55  Pylon  
  116  13:15  Stalker x3  
  116  13:16  Stalker x2  
  116  14:08  Stalker x4  
  116  14:09  Stalker x3  
  128  14:10  Stalker  
  128  14:20  Stalker  
  129  14:33  Probe x2  
  129  14:34  Probe  
  132  14:39  Assimilator  
  132  14:41  Assimilator  
  132  14:43  Stalker x2  
  132  14:44  Stalker  
  138  15:09  Stalker x3  
  138  15:10  Stalker x5  
  154  15:23  Observer  
Show
View Real Time Build Order
Export as new Build Order

Gracie Protoss - Winner!

Build Orders: Cannon Rush 

Get SALT Encoding   

  12  0:01  Probe (Chrono Boost)  
  13  0:14  Pylon  
  13  0:18  Probe (Chrono Boost)  
  14  0:32  Forge  
  14  0:36  Probe (Chrono Boost)  
  15  0:47  Probe (Chrono Boost)  
  16  0:57  Probe (Chrono Boost)  
  17  1:06  Pylon  
  17  1:14  Pylon  
  17  1:19  Probe (Chrono Boost)  
  18  1:31  Photon Cannon  
  18  1:32  Probe (Chrono Boost)  
  19  1:33  Photon Cannon  
  19  1:44  Photon Cannon  
  19  1:47  Photon Cannon  
  19  1:56  Probe (Chrono Boost)  
  20  2:02  Photon Cannon  
  20  2:08  Pylon  
  20  2:21  Probe (Chrono Boost)  
  21  2:23  Photon Cannon  
  21  2:30  Photon Cannon  
  21  2:39  Photon Cannon  
  21  2:44  Probe (Chrono Boost)  
  21  2:49  Gateway  
  21  2:51  Assimilator  
  22  3:11  Probe (Chrono Boost)  
  23  3:15  Photon Cannon  
  23  3:18  Assimilator  
  23  3:21  Probe (Chrono Boost)  
  24  3:31  Photon Cannon  
  24  3:35  Probe (Chrono Boost)  
  25  3:44  Pylon  
  25  3:46  Probe (Chrono Boost)  
  26  3:51  Cybernetics Core  
  26  3:53  Pylon  
  26  3:57  Probe (Chrono Boost)  
  27  4:11  Probe (Chrono Boost)  
  28  4:30  Twilight Council, Nexus, Warp Gate (Chrono Boost)  
  28  4:48  Probe  
  29  4:55  Photon Cannon  
  29  5:09  Dark Shrine  
  29  5:10  Pylon, Probe  
  30  5:26  Pylon  
  30  5:30  Gateway  
  30  5:32  Gateway  
  30  5:35  Pylon, Gateway  
  29  5:45  Assimilator, Probe  
  30  5:50  Assimilator  
  30  5:58  Probe  
  31  6:07  Protoss Ground Weapons Level 1 (Chrono Boost)  
  31  6:13  Probe  
  31  6:15  Probe  
  33  6:22  Pylon  
  33  6:23  Dark Templar  
  35  6:34  Dark Templar  
  35  6:38  Dark Templar x2  
  41  6:40  Probe  
  36  6:48  Probe, Dark Templar  
  36  6:49  Dark Templar x2  
  43  7:04  Blink (Chrono Boost)  
  43  7:05  Probe  
  43  7:06  Probe  
  45  7:09  Dark Templar  
  47  7:20  Nexus  
  47  7:24  Probe  
  47  7:25  Probe  
  49  7:33  Robotics Facility  
  49  7:39  Probe  
  49  7:41  Probe  
  51  7:47  Photon Cannon  
  51  7:51  Pylon, Protoss Ground Armor Level 1  
  51  7:55  Probe x2  
  53  8:01  Dark Templar  
  53  8:03  Dark Templar  
  47  8:21  Stalker x2  
  47  8:25  Photon Cannon  
  51  8:28  Assimilator  
  51  8:29  Archon  
  51  8:31  Observer  
  51  8:33  Assimilator  
  52  8:37  Probe  
  53  8:45  Stalker x3  
  59  8:51  Forge  
  59  8:53  Probe  
  59  8:55  Observer  
  61  8:57  Probe  
  62  9:07  Stalker  
  64  9:11  Pylon  
  64  9:21  Gateway  
  64  9:22  Observer  
  64  9:23  Gateway  
  65  9:33  Photon Cannon  
  65  9:48  Protoss Ground Weapons Level 2 (Chrono Boost)  
  65  9:49  Protoss Ground Armor Level 2 (Chrono Boost)  
  53  10:04  Probe  
  54  10:09  Charge (Chrono Boost)  
  54  10:11  Warp Prism  
  56  10:21  Stalker  
  56  10:22  Stalker x5  
  56  10:23  Probe  
  69  11:10  Probe  
  68  11:21  Nexus  
  68  11:24  Dark Templar  
  68  11:25  Dark Templar x3  
  70  11:26  Dark Templar x2  
  70  11:49  Observer  
  59  12:04  Gateway  
  59  12:05  Protoss Ground Weapons Level 3  
  59  12:06  Gateway, Dark Templar  
  59  12:07  Protoss Ground Armor Level 3, Dark Templar x5  
  71  12:13  Gateway  
  69  12:16  Gateway  
  59  12:23  Pylon  
  59  12:24  Pylon  
  59  12:25  Probe  
  59  12:26  Pylon  
  61  12:32  Warp Prism  
  62  12:46  Stalker  
  62  12:47  Stalker x4  
  62  12:48  Stalker  
  62  12:49  Probe  
  75  12:51  Probe  
  75  12:55  Pylon  
  75  12:57  Assimilator  
  76  13:01  Assimilator  
  76  13:04  Probe  
  75  13:15  Dark Templar x2  
  75  13:16  Dark Templar x4  
  87  13:21  Immortal (Chrono Boost)  
  77  13:55  Stalker x6  
  78  13:59  Pylon  
  78  14:01  Pylon  
  62  14:04  Stalker x3  
  62  14:05  Stalker x5  
  62  14:06  Stalker x2  
  77  14:27  Probe  
  74  14:36  Probe  
  75  14:39  Probe  
  76  14:47  Probe  
  77  15:19  Dark Templar x4  
  77  15:20  Probe  
  70  15:43  Dark Templar x2  
  70  15:44  Dark Templar x4  
  82  15:55  Dark Templar x2  
  82  15:56  Dark Templar x2  
Show
View Real Time Build Order
Export as new Build Order

HamSandwich Protoss 

Build Orders: 1 Gate Expand 

Get SALT Encoding   

  12  0:03  Probe (Chrono Boost)  
  13  0:18  Pylon, Probe (Chrono Boost)  
  14  0:30  Probe (Chrono Boost)  
  15  0:41  Gateway  
  15  0:46  Assimilator  
  15  1:08  Probe (Chrono Boost)  
  16  1:19  Nexus  
  16  1:22  Probe (Chrono Boost)  
  17  1:36  Cybernetics Core  
  17  1:43  Assimilator  
  18  1:47  Probe (Chrono Boost)  
  18  1:57  Probe (Chrono Boost)  
  19  2:08  Probe (Chrono Boost)  
  20  2:15  Stargate  
  20  2:18  Probe (Chrono Boost)  
  21  2:28  Pylon  
  21  2:29  Probe (Chrono Boost)  
  22  2:40  Probe (Chrono Boost)  
  23  2:53  Stargate  
  23  3:08  Void Ray (Chrono Boost)  
  27  3:25  Probe  
  32  3:43  Void Ray (Chrono Boost)  
  32  3:59  Pylon  
  32  4:02  Pylon  
  36  4:21  Pylon  
  36  4:23  Void Ray (Chrono Boost)  
  40  4:31  Void Ray (Chrono Boost)  
  40  4:37  Pylon  
  40  4:38  Pylon  
  36  6:29  Void Ray x2 (Chrono Boost)  
  36  9:29  Nexus  
Show
View Real Time Build Order
Export as new Build Order

Grumm Terran 

Build Orders:  

Get SALT Encoding   

  12  0:02  SCV  
  13  0:14  SCV  
  14  0:26  SCV  
  15  0:31  Supply Depot  
  15  0:41  Refinery  
  15  0:52  Refinery  
  15  0:53  SCV  
  15  0:56  Barracks  
  16  1:09  SCV  
  17  1:35  Command Center  
  17  1:38  SCV  
  18  1:50  SCV  
  18  1:52  Barracks Tech Lab  
  19  2:02  SCV  
  20  2:13  Engineering Bay  
  20  2:14  SCV  
  21  2:23  Reaper  
  21  2:26  SCV  
  22  3:05  SCV  
  23  3:08  Factory  
  23  3:13  Factory  
  23  3:17  Marauder  
  25  3:26  Orbital Command  
  25  3:57  Starport, Factory Tech Lab  
  25  4:00  Barracks Tech Lab  
  25  4:02  SCV  
  26  4:07  Missile Turret  
  26  4:14  SCV  
  26  4:17  Siege Tank  
  30  4:20  Siege Tank  
  33  4:40  Supply Depot, Fusion Core  
  33  4:45  Barracks Tech Lab  
  33  4:50  SCV  
  34  5:02  SCV  
  34  5:05  Liberator  
  35  5:19  Siege Tank  
  35  5:20  Siege Tank  
  41  5:23  SCV  
  45  5:35  SCV  
  46  6:39  Starport  
  46  6:40  Starport  
  46  6:41  Starport  
  46  6:42  Behemoth Reactor  
  46  6:49  Supply Depot  
  46  7:00  Planetary Fortress  
  46  7:07  Refinery  
  46  7:08  Refinery  
  46  7:18  SCV  
  47  7:26  Command Center  
  47  7:30  SCV  
  48  7:42  SCV  
  49  7:47  Supply Depot  
  49  7:49  Factory Tech Lab  
  49  7:51  Supply Depot  
  49  7:52  Factory Tech Lab  
  49  7:54  Supply Depot x2  
  49  8:11  Supply Depot  
  49  8:16  Battlecruiser x2  
  61  8:27  Missile Turret  
  61  8:30  Missile Turret  
  61  8:40  Missile Turret, Planetary Fortress  
  61  8:42  Missile Turret  
  61  9:04  Refinery  
  61  9:05  SCV x2  
  61  9:06  Refinery  
  63  9:14  Battlecruiser  
  63  9:17  Supply Depot, SCV x2  
  71  9:28  Armory  
  71  9:29  SCV x2  
  73  9:32  Battlecruiser  
  79  9:41  SCV x2, Armory  
  81  9:49  SCV  
  82  9:53  SCV x2  
  82  9:56  Hi-Sec Auto Tracking  
  84  10:01  SCV  
  84  10:05  SCV x2  
  87  10:13  SCV  
  88  10:17  SCV x2  
  90  10:23  Battlecruiser x3  
  90  10:25  SCV, Weapon Refit  
  90  10:28  Supply Depot  
  109  10:29  SCV  
  110  10:40  SCV x2  
  110  10:41  SCV  
  113  10:51  Battlecruiser, Supply Depot  
  113  10:52  SCV  
  120  11:00  Terran Vehicle And Ship Armor Level 1  
  111  11:15  Supply Depot  
  96  11:27  Battlecruiser, Raven  
  99  11:44  Battlecruiser  
  92  11:55  Battlecruiser  
  92  11:56  Hellion x2  
  96  12:13  Terran Ship Weapons Level 1  
  96  12:17  Factory, Hellion x2  
  96  12:18  Barracks Tech Lab  
  96  12:19  Battlecruiser  
  106  12:24  SCV x2  
  106  12:28  Command Center  
  108  12:36  SCV x2  
  110  12:39  Hellion x2  
  114  12:46  Building Armor  
  114  12:48  SCV x2  
  116  13:00  SCV x2  
  118  13:12  SCV  
  81  14:14  Battlecruiser x4  
  93  14:18  Hellion  
  77  14:40  Hellion  
  79  14:55  Planetary Fortress  
  74  15:38  SCV  
Show
View Real Time Build Order
Export as new Build Order

Franktea Protoss 

Build Orders: Colossus Rush 

Get SALT Encoding   

  12  0:07  Probe (Chrono Boost)  
  13  0:18  Probe (Chrono Boost)  
  15  0:28  Probe (Chrono Boost)  
  15  0:29  Pylon  
  15  0:52  Gateway  
  15  0:55  Gateway  
  15  0:59  Probe (Chrono Boost)  
  15  1:02  Assimilator  
  16  1:10  Probe (Chrono Boost)  
  17  1:20  Probe (Chrono Boost)  
  17  1:24  Pylon  
  18  1:37  Pylon  
  18  1:42  Cybernetics Core  
  18  1:46  Forge  
  18  1:50  Pylon  
  18  1:53  Probe (Chrono Boost)  
  19  2:03  Probe (Chrono Boost)  
  20  2:13  Assimilator  
  20  2:19  Warp Gate (Chrono Boost)  
  19  2:48  Photon Cannon  
  19  2:52  Pylon  
  19  2:57  Robotics Facility  
  19  3:00  Probe  
  20  3:12  Probe  
  21  3:13  Photon Cannon  
  21  3:24  Probe, Photon Cannon  
  21  3:26  Photon Cannon  
  22  3:32  Photon Cannon  
  22  3:36  Probe  
  24  3:48  Probe (Chrono Boost)  
  24  3:55  Robotics Bay  
  24  4:07  Gateway  
  24  4:11  Gateway  
  24  4:42  Colossus  
  30  5:11  Extended Thermal Lance  
  30  5:14  Zealot x2  
  32  5:15  Zealot  
  32  5:16  Zealot  
  38  5:42  Colossus  
  44  5:45  Zealot x2  
  44  5:46  Zealot x2  
  52  6:33  Nexus  
  44  6:57  Observer  
  44  6:59  Stalker x4  
  53  7:18  Pylon  
  53  7:19  Pylon  
  53  7:23  Assimilator, Probe (Chrono Boost)  
  54  7:34  Probe (Chrono Boost)  
  54  7:35  Colossus, Pylon  
  61  7:38  Pylon  
  61  7:40  Pylon  
  61  7:42  Pylon  
  61  7:44  Probe (Chrono Boost)  
  61  7:45  Protoss Ground Weapons Level 1  
  61  7:47  Gateway  
  62  7:51  Forge  
  62  7:54  Twilight Council  
  62  7:55  Probe (Chrono Boost)  
  62  7:56  Probe (Chrono Boost)  
  65  8:05  Probe (Chrono Boost)  
  65  8:06  Probe (Chrono Boost)  
  65  8:09  Photon Cannon  
  66  8:17  Probe (Chrono Boost)  
  66  8:25  Photon Cannon  
  66  8:28  Probe (Chrono Boost)  
  67  8:38  Probe (Chrono Boost)  
  67  8:40  Stalker x3  
  74  8:46  Protoss Ground Armor Level 1  
  74  8:49  Probe (Chrono Boost)  
  74  8:53  Dark Shrine  
  75  8:59  Probe x2 (Chrono Boost)  
  77  9:06  Assimilator  
  77  9:09  Probe (Chrono Boost)  
  79  9:10  Probe (Chrono Boost)  
  79  9:20  Probe (Chrono Boost)  
  80  9:30  Probe (Chrono Boost)  
  81  9:38  Stalker  
  81  9:39  Stalker x2  
  81  9:40  Stalker  
  89  9:46  Protoss Ground Weapons Level 2  
  89  9:57  Robotics Facility  
  79  10:06  Dark Templar x2  
  79  10:07  Dark Templar  
  63  10:45  Dark Templar x5  
  63  10:48  Colossus  
  69  10:54  Gateway  
  69  10:55  Gateway  
  69  11:00  Gateway  
  46  11:28  Colossus  
  46  11:39  Stalker x2  
  50  11:40  Stalker x3  
  50  11:41  Colossus  
  43  12:03  Pylon  
  43  12:09  Stalker x5  
  43  12:10  Stalker  
  55  12:21  Colossus  
  61  12:30  Stalker  
  61  12:31  Stalker  
  61  12:34  Stalker x2  
  61  12:35  Stalker  
  71  13:00  Observer  
  68  13:07  Dark Templar  
  68  13:08  Dark Templar  
  66  13:21  Pylon x2  
  66  13:23  Pylon  
  66  13:39  Nexus  
  33  14:00  Dark Templar  
  33  14:01  Dark Templar x3  
Show
View Real Time Build Order
Export as new Build Order

Titan Terran 

Build Orders: Bio Tank 

Get SALT Encoding   

  12  0:09  SCV  
  13  0:23  SCV  
  13  0:26  Supply Depot  
  14  0:35  SCV  
  15  0:47  SCV  
  16  0:53  Barracks  
  16  0:59  SCV  
  17  1:08  Refinery  
  17  1:11  SCV  
  17  1:17  Supply Depot  
  18  1:24  SCV  
  19  1:35  Barracks  
  19  1:39  Command Center  
  19  1:42  Marine  
  20  1:52  Orbital Command  
  20  2:04  Barracks Tech Lab  
  20  2:18  SCV  
  21  2:23  Marine  
  21  2:25  Barracks  
  22  2:45  Marine  
  23  2:57  Orbital Command  
  23  3:03  Marine  
  24  3:07  SCV  
  26  3:20  SCV  
  26  3:21  Marine  
  26  3:22  Marine  
  28  3:32  SCV  
  28  3:33  SCV  
  30  3:34  Combat Shields  
  30  3:39  Marine  
  32  3:41  Refinery  
  32  3:43  Marine  
  32  3:44  SCV  
  32  3:45  SCV  
  34  4:00  SCV x2  
  34  4:01  Marine  
  37  4:12  SCV x2  
  39  4:24  SCV x2, Barracks Reactor  
  40  4:25  Factory  
  40  4:26  Marine  
  42  4:36  SCV  
  42  4:37  Refinery  
  43  4:43  Marine  
  39  4:54  Stimpack  
  38  5:00  Orbital Command  
  38  5:01  Marine  
  39  5:19  Marine  
  39  5:20  Factory Tech Lab  
  40  5:22  Marine x2  
  42  5:37  Marine  
  42  5:40  Marine x2  
  45  5:50  Supply Depot  
  45  5:51  Siege Tank  
  45  5:55  Marine  
  49  5:58  Marine x2  
  49  6:00  SCV x2  
  53  6:12  Marine, SCV  
  55  6:23  Siege Tank  
  55  6:24  Barracks  
  58  6:26  Barracks  
  58  6:29  Armory  
  58  6:56  Siege Tank  
  58  6:58  Barracks  
  58  7:00  Barracks  
  56  7:01  Factory  
  56  7:06  SCV x2  
  57  7:18  SCV x2  
  59  7:30  SCV  
  59  7:31  Terran Vehicle Weapons Level 1  
  60  7:39  Engineering Bay x2  
  60  7:41  SCV  
  60  7:42  SCV  
  62  7:46  Barracks Reactor x2  
  62  7:50  Barracks Tech Lab, Barracks Reactor  
  62  8:04  Supply Depot  
  62  8:05  Supply Depot  
  62  8:07  Supply Depot  
  62  8:08  Supply Depot  
  62  8:09  Supply Depot, Terran Infantry Armor Level 1, Terran Infantry Weapons Level 1  
  62  8:11  Factory Tech Lab  
  62  8:14  Concussive Shells  
  62  8:25  Marine x8  
  70  8:28  Supply Depot, SCV  
  70  8:29  SCV  
  70  8:30  Supply Depot  
  70  8:32  Supply Depot  
  68  8:34  Supply Depot  
  68  8:41  SCV x2  
  64  8:43  Marine x8  
  69  8:53  SCV  
  70  8:57  Marine x2  
  70  9:01  Marine x8  
  80  9:04  Siege Tank x2  
  86  9:14  Starport, Marine  
  86  9:15  Missile Turret, Marine  
  88  9:18  Marine x8  
  88  9:22  Refinery  
  96  9:32  Command Center, Marine x2  
  96  9:36  Marine x4, Siege Tank x2  
  90  9:55  Marauder x2  
  63  10:08  Siege Tank  
  62  10:16  Marauder  
Tags
 
Add a new tag
Caveats
  • Supply blocks, unpowered buildings, or Contaminate may cause inaccurate times.
  • Supply counts are checked every 10 seconds.